 Dungeon Crawl Stone Soup version 0.32-a0-913-g739538afd8 (webtiles) character file.

Game seed: 6936633839322525239

37 BenSoosneb the Vexing (level 3, -2/16 HPs)
             Began as a Spriggan Enchanter on Apr 8, 2024.
             Slain by a gnoll
             ... wielding a +0 halberd
              (14 damage)
             ... on level 2 of the Dungeon.
             The game lasted 00:05:44 (1881 turns).

BenSoosneb the Vexing (Spriggan Enchanter)          Turns: 1881, Time: 00:05:45

Health: -2/16      AC:  2    Str:  4    XL:     3   Next: 23%
Magic:  8/8        EV: 16    Int: 18    God:
Gold:   80         SH:  0    Dex: 15    Spells: 5/7 levels left

rFire   . . .        a - +1 dagger
rCold   . . .        (no shield)
rNeg    . . .        b - +0 robe
rPois   .            (helmet restricted)
rElec   .            (no cloak)
rCorr   .            (gloves unavailable)
SInv    +            (boots unavailable)
Will    .....        (no amulet)
Stlth   +++          (no ring)
HPRegen 0.22/turn    (no ring)
MPRegen 0.11/turn

%: no passive effects
@: very quick
A: very small, no large weapons, unfitting armour, see invisible, speed 3
a: no special abilities


You were on level 2 of the Dungeon.
You visited 1 branch of the dungeon, and saw 2 of its levels.

You collected 80 gold pieces.

Inventory:

Hand Weapons
 a - a +1 dagger (weapon)
Armour
 b - a +0 robe (worn)
Scrolls
 d - a scroll of teleportation {unknown}
 e - a scroll of enchant armour {unknown}
 f - 2 scrolls of identify {unknown}
 g - a scroll of amnesia {unknown}
Potions
 c - 2 potions of invisibility
 h - a potion of curing {unknown}
 i - 2 potions of degeneration {unknown}


   Skills:
 * Level 1.8 Short Blades
 - Level 2.6 Dodging
 - Level 4.4 Stealth
 - Level 2.6 Spellcasting
 - Level 5.0 Hexes


You had 5 spell levels left.
You knew the following spells:

 Your Spells              Type           Power      Damage    Failure   Level
a - Ensorcelled Hibernat  Hex/Ice        22%        N/A       9%          2

Your spell library contained the following spells:

 Spells                   Type           Power      Damage    Failure   Level
 Confusing Touch          Hex            20%        N/A       6%          3
 Tukima's Dance           Hex            20%        N/A       6%          3
 Dazzling Flash           Conj/Hex       22%        N/A       19%         3
 Blink                    Tloc           4%         N/A       26%         2
 Lesser Beckoning         Tloc           4%         N/A       26%         2
 Momentum Strike          Conj/Tloc      4%         3d8       26%         2


Dungeon Overview and Level Annotations

Branches:
Dungeon (2/15)

Altars:


Innate Abilities, Weirdness & Mutations

You are very small and have problems with some larger weapons.
You are too small for most types of armour.
You have supernaturally acute eyesight. (SInv)
You cover ground extremely quickly. (Speed+++)


Message History

Okay, then.
Found a scale mail.
An endoplasm comes into view.
You see here a +0 scale mail.
The rat bites you but does no damage.
You hit the endoplasm.
The endoplasm is moderately wounded.
Casting: Ensorcelled Hibernation (safe; 9% risk of failure)
Confirm with . or Enter, or press ? or * to list all spells.
Aiming: Ensorcelled Hibernation (safe; 9% risk of failure)
Press: ? - help, Shift-Dir - straight line, f - endoplasm
Aim: an endoplasm (moderately wounded, chance to affect: 62%)
The endoplasm looks drowsy...
The helpless endoplasm fails to defend itself.
You impale the endoplasm!!
You kill the endoplasm!
Casting: Ensorcelled Hibernation (safe; 9% risk of failure)
Confirm with . or Enter, or press ? or * to list all spells.
Aiming: Ensorcelled Hibernation (safe; 9% risk of failure)
Press: ? - help, Shift-Dir - straight line, f - rat
Aim: a rat (chance to affect: 62%)
The rat looks drowsy...
The helpless rat fails to defend itself.
You impale the rat!!
You kill the rat!
You start resting.
Magic restored.
A rat comes into view.
The helpless rat fails to defend itself.
You impale the rat!!
You kill the rat!
You see here a rat corpse.
You see here a rat corpse.
A gnoll comes into view. It is wielding a +0 halberd.
The gnoll shouts!
You hear a shout! x2
The gnoll shouts!
The gnoll hits you from afar with a +0 spear.
The gnoll hits you from afar with a +0 halberd!
Ouch! That really hurt!
You die...

###### ### ###
.....# #.. ..#
####†# #.# #.#
####.#####.#####.##
#........#.##.....#
.....###.#.##.##..#
#.##.# #......##..#
.....# ###......@.#
#..#.# ########.#
...#.#


gg.. ##.#.# ##.## .....# #... ...### ..... .#.# #..... .#.# ######.#### .[.#
#.......# You could see 2 gnolls.

Vanquished Creatures
  A dart slug (D:1)
  3 ball pythons
  4 endoplasms
  3 giant cockroaches
  3 goblins (D:1)
  4 hobgoblins (D:1)
  2 quokkas (D:1)
  3 bats (D:1)
  A frilled lizard (D:2)
  4 kobolds
  3 rats
31 creatures vanquished.

Notes
Turn   | Place    | Note
-------+----------+-------------------------------------------
     0 | D:1      | BenSoosneb the Spriggan Enchanter began the quest for the
                  | Orb.
     0 | D:1      | Reached XP level 1. HP: 9/9 MP: 5/5
   479 | D:1      | Reached skill level 4 in Hexes
   608 | D:1      | Reached XP level 2. HP: 13/13 MP: 6/6
   613 | D:1      | Learned a level 2 spell: Ensorcelled Hibernation
  1193 | D:1      | Reached skill level 5 in Hexes
  1383 | D:2      | Reached XP level 3. HP: 16/16 MP: 5/8
  1881 | D:2      | Slain by a gnoll

Illustrated notes

Levels and vault maps discovered:
D:1:      shiori_arrival_maze, layout_loops_cross
D:2:      layout_loops_cross

Skill      XL: |  1  2 |
---------------+-------+-----
Hexes          | 4 5 |  5.0
Short Blades   | |  1.8
Dodging        | |  2.6
Stealth        | |  4.4
Spellcasting   | |  2.6

Action                     || total
---------------------------++-------
  Melee: Dagger            ||    69
   Cast: Ensorcelled Hiber ||    21
   Stab: Sleeping          ||    23
 Armour: Robe              ||    27
  Dodge: Dodged            ||    50

Table legend: (Time is in decaauts)
 A = Elapsed time spent in this place.
 B = Non-inter-level travel time spent in this place.
 C = Inter-level travel time spent in this place.
 D = Time resting spent in this place.
 E = Time spent auto-exploring this place.
 F = Levels seen in this place.
 G = Mean time per level.
                   A        B        C        D        E       F      G
               +--------+--------+--------+--------+--------+-----+--------+
         Total |   1479 |   1461 |     18 |    536 |    667 |   2 |  739.5 |
       Dungeon |   1479 |   1461 |     18 |    536 |    667 |   2 |  739.5 |
               +--------+--------+--------+--------+--------+-----+--------+

Top non-repeatable levels by time:
     D:1: 1024 daAuts
     D:2: 454 daAuts
